 Dungeon Crawl Stone Soup version bcrawl-1.38b (webtiles) character file.

Game seed: 14742790871348928278

328369 CuBeRJAN3 the Fighter (level 11, -2/81 HPs)
             Began as an Octopode Fighter on Feb 21, 2023.
             Was an Elder of Trog.
             Slain by a water moccasin (7 damage)
             ... on level 2 of the Lair of Beasts.
             The game lasted 00:46:17 (11807 turns).

CuBeRJAN3 the Fighter (Octopode Fighter)           Turns: 11807, Time: 00:46:18

Health: -2/81      AC:  3    Str: 28    XL:     11   Next: 70%
Magic:  11/11      EV: 16    Int: 15    God:    Trog [****..]
Gold:   159        SH: 13    Dex: 14    Spells: 10/10 levels left

rFire    x . .     GDR:     26% a - +0 war axe
rCold    + . .     SeeInvis .   C - +0 medium shield
rNeg     . . .     Gourm    .   y - +2 hat
rPois    .         Faith    +   (cloak restricted)
rElec    .         Spirit   .   u - amulet of faith
rCorr    +         Reflect  .   j - ring of Gukoidghe {Ice Int+4}
MR       .....                  r - +3 ring of strength
Stlth    ++++......             z - ring of stealth
HPRegen  0.23/turn              S - ring of Linearity {+Fly Str+4}
MPRegen  0.12/turn              R - ring of resist corrosion
                                (no ring)
                                (no ring)
                                (no ring)

@: mighty, lethally poisoned (-2 -> -7), berserk cooldown, slowed, very slow
A: almost no armour, stealthy swim, resist paralysis, amphibious, 8 rings,
constrict 8, camouflage 1, gelatinous body 1
a: Berserk, Trog's Hand, Brothers in Arms, Renounce Religion, Evoke Flight


You were on level 2 of the Lair of Beasts.
You worshipped Trog.
Trog was greatly pleased with you.
You were very hungry.

You visited 3 branches of the dungeon, and saw 12 of its levels.
You also visited: Sewer.

You collected 751 gold pieces.
You spent 592 gold pieces at shops.

Inventory:

Hand Weapons
 a - a +0 war axe (weapon)
 b - a +0 flail
 i - a +0 spear of flaming
 F - a +0 blowgun
 T - a +0 shortbow
Missiles
 x - 26 poisoned tomahawks (quivered)
 B - 1524 arrows
 I - 136 poisoned needles
 J - 8 curare-tipped needles
 Q - 3 throwing nets {=f}
Armour
 w - a +0 large shield
 y - a +2 hat (worn)
 C - a +0 medium shield (worn)
 D - a +2 hat
Jewellery
 j - the ring of Gukoidghe (left tentacle) {Ice Int+4}
   (You found it on level 1 of the Dungeon)

   [ring of ice]

   It enhances your ice magic.
   It affects your intelligence (+4).
   It makes you vulnerable to fire.
   It protects you from cold.
 r - a +3 ring of strength (right tentacle)
 u - an amulet of faith (around mantle)
 z - a ring of stealth (on tentacle)
 E - an uncursed amulet of magic regeneration {unknown}
 R - a ring of resist corrosion (on tentacle)
 S - the ring of Linearity (on tentacle) {+Fly Str+4}
   (You bought it in a shop on level 4 of the Dungeon)

   [ring of flight]

   It affects your strength (+4).
   It lets you fly.
Wands
 L - a wand of paralysis (11)
 N - a wand of random effects (22)
Scrolls
 h - 8 scrolls of magic mapping
 n - 3 scrolls of fear {unknown}
 o - 7 scrolls of teleportation
 p - a scroll of blinking {unknown}
 q - 6 scrolls of enchant armour
 s - 3 scrolls of enchant weapon {unknown}
 t - 4 scrolls of remove curse {unknown}
 M - a scroll of noise {unknown}
 P - 2 scrolls of torment {unknown}
 U - a scroll of immolation {unknown}
Potions
 c - 2 potions of might
 d - 5 potions of brilliance {unknown}
 f - 2 potions of agility {unknown}
 g - 4 potions of lignification
 k - 5 potions of curing {unknown}
 l - a potion of haste {unknown}
 m - 2 potions of mutation {unknown}
 v - 8 potions of flight
 A - 2 potions of magic {unknown}
 H - a potion of cancellation {unknown}
 O - 2 potions of degeneration {unknown}
Comestibles
 e - 22 rations {!d}
 K - 5 chunks of flesh


   Skills:
 + Level 9.7 Fighting
 + Level 9.4 Axes
 + Level 9.7 Dodging
 + Level 9.6 Shields


You had 10 spell levels left.
You didn't know any spells.
Your spell library was empty.

Dungeon Overview and Level Annotations

Branches:
Dungeon (9/12)             Temple (1/1) D:5            Lair (2/6) D:7
    Orc (0/1) D:9
  Swamp: Lair:2-4    Shoals: Lair:2-4     Snake: Lair:2-4    Spider: Lair:2-4

Altars:
Ashenzari
Cheibriados
Dithmenos
Elyvilon
Fedhas
Gozag
Hepliaklqana
Kikubaaqudgha
Lugonu
Makhleb
Nemelex Xobeh
Okawaru
Qazlal
Ru
Sif Muna
Trog
Uskayaw
Vehumet
Wu Jian
Xom
Yredelemnul
Zin
The Shining One

Shops:
D:4 =   D:9 (

Annotations:
D:4 2 transporters, yrara's ghost, novice DsFi
D:5 1 exclusion, Pikel
D:6 3 runed translucent doors, exclusion: 3 doors, yrara's ghost, novice DsFi
Lair:1 exclusion: hydra


Innate Abilities, Weirdness & Mutations

You cannot wear most types of armour.
You are very stealthy in the water. (Stealth+)
Your unusual nervous system resists paralysis.
You are amphibious.
You can wear up to eight rings at the same time.
You can use your tentacles to constrict eight enemies at once.
Your skin changes colour to match your surroundings (Stealth+).
Your rubbery body absorbs attacks. (AC +1, EV +1)


Message History

You closely miss the porcupine.
Your skin stops crawling.
The porcupine barely misses you. The spriggan closely misses you.
The porcupine bites you!
* * * LOW HITPOINT WARNING * * *
You block the spriggan's attack.
You slice the spriggan!!
You kill the spriggan!
Trog accepts your kill.
You barely miss the porcupine. You block the porcupine's attack.
The water moccasin bites you.
* * * LOW HITPOINT WARNING * * *
You are lethally poisoned!
The water moccasin poisons you! The porcupine closely misses you.
The water moccasin completely misses you.
You closely miss the water moccasin. Your grab misses the water moccasin.
You barely miss the porcupine.
* * * LOW HITPOINT WARNING * * *
You feel sick. The water moccasin bites you!
You die...

....<♣ P♣ ##....P .. ♣.
#...... P♣♣♣..♣
#.....#.P.♣P♣.♣.P♣###.#
.##........♣.♣P♣..♣......
Z#..........♣♣..♣........
#.......................
#.....)r................
##.....S@................
....$..†.................
.........................
.........................
........................(
...............#.#######.
#P##P...........## ## #
##P.........#.# # #####
### ##.........###


You could see a water moccasin and a porcupine.

Vanquished Creatures
  2 two-headed ogres (D:8)
  A cane toad (Lair:1)
  A gargoyle (D:9)
  A komodo dragon (Lair:1)
  A tengu conjurer (D:8)
  2 trolls (D:7)
  6 blink frogs (Lair:1)
  3 hippogriffs
  Grum (Lair:1)
  2 spriggans
  A yak (D:7)
  2 wargs
  2 water moccasins (Lair:1)
  5 crocodiles
  2 slaves (D:5)
  3 porcupines
  2 ice beasts
  3 black bears
  An orc warrior (D:8)
  2 phantoms (D:7)
  A hornet zombie (D:7)
  7 ogres
  A necrophage (D:8)
  7 wolves
  3 kobold brigands
  7 bullfrogs
  A gnoll sergeant (D:8)
  4 centaurs
  A scorpion (D:6)
  4 orc priests
  7 howler monkeys
  4 crimson imps
  4 jellies
  A bullfrog zombie (D:4)
  9 orc wizards
  4 hounds
  3 iguanas
  7 worker ants
  A killer bee zombie (D:5)
  3 hound skeletons
  7 gnolls
  A worker ant zombie (D:8)
  10 adders
  2 shadow imps
  An ooze (D:3)
  3 adder zombies
  2 adder skeletons (D:8)
  A worm (D:3)
  3 dart slugs
  3 leopard geckos
  30 orcs
  A ball python (D:1)
  4 bats
  6 giant cockroaches
  9 goblins
  9 hobgoblins
  5 jackals
  4 quokkas
  2 frilled lizards (D:1)
  A jackal skeleton (D:4)
  23 kobolds
  A quokka skeleton (D:3)
  8 rats
258 creatures vanquished.

Vanquished Creatures (others)
  14 fungi
  2 plants
16 creatures vanquished.

Grand Total: 274 creatures vanquished

Notes
Turn   | Place    | Note
-------+----------+-------------------------------------------
     0 | D:1      | CuBeRJAN3 the Octopode Fighter began the quest for the Orb.
     0 | D:1      | Reached XP level 1. HP: 16/16 MP: 1/1
   276 | D:1      | Got a scintillating iron ring
   300 | D:1      | Reached XP level 2. HP: 21/21 MP: 2/2
   646 | D:1      | Identified the ring of Gukoidghe {Ice Int+4} (You found it
                  | on level 1 of the Dungeon)
  1100 | D:2      | Reached XP level 3. HP: 24/26 MP: 3/3
  2276 | D:3      | Reached XP level 4. HP: 14/31 MP: 4/4
  2474 | D:3      | Reached XP level 5. HP: 26/37 MP: 5/5
  2952 | D:3      | Found a bloodstained altar of Trog.
  3012 | D:3      | Became a worshipper of Trog the Wrathful
  3060 | D:4      | Found a glowing golden altar of the Shining One.
  3063 | D:4      | Found a burning altar of Makhleb.
  3291 | D:4      | Found Ruroig's Jewellery Boutique.
  3293 | D:4      | Noticed an ogre
  3416 | D:4      | Reached XP level 6. HP: 43/43 MP: 6/6
  3567 | D:4      | Bought an uncursed ring of stealth for 204 gold pieces
  3590 | D:4      | Found a blossoming altar of Fedhas.
  3741 | D:4      | Noticed yrara's ghost (novice DsFi)
  3777 | D:4      | Found a transporter.
  3797 | D:4      | Found a transporter.
  3807 | D:4      | Reached XP level 7. HP: 48/49 MP: 7/7
  4190 | D:5      | Entered Level 5 of the Dungeon
  4260 | D:5      | Reached skill level 5 in Fighting
  4260 | D:5      | Reached skill level 5 in Shields
  4375 | D:5      | Reached skill level 5 in Dodging
  4381 | D:5      | Found a staircase to the Ecumenical Temple.
  4499 | Temple   | Entered the Ecumenical Temple
  5055 | D:5      | Reached XP level 8. HP: 51/55 MP: 8/8
  5262 | D:5      | Noticed Pikel
  5334 | D:6      | Noticed a hippogriff
  5347 | D:5      | Reached * piety under Trog
  5368 | D:6      | Reached skill level 5 in Axes
  5428 | D:6      | Found a glowing drain.
  5459 | Sewer    | Entered a sewer
  5629 | Sewer    | Found a white marble altar of Elyvilon.
  5710 | D:6      | Reached ** piety under Trog
  5775 | D:6      | Noticed yrara's ghost (novice DsFi)
  5796 | D:6      | Found a runed translucent gate.
  5796 | D:6      | Found a runed translucent gate.
  5796 | D:6      | Found a runed translucent gate.
  5870 | D:6      | Found an opulent altar of Gozag.
  6011 | D:6      | Reached XP level 9. HP: 59/63 MP: 9/9
  6586 | D:7      | Found a staircase to the Lair.
  6932 | D:7      | Reached *** piety under Trog
  7196 | D:7      | Reached XP level 10. HP: 52/71 MP: 10/10
  7966 | D:8      | Found a stormy altar of Qazlal.
  8097 | D:8      | Noticed a two-headed ogre
  8117 | D:8      | Killed a two-headed ogre
  8201 | D:8      | Noticed a two-headed ogre
  8208 | D:8      | Killed a two-headed ogre
  9327 | D:9      | Reached XP level 11. HP: 78/78 MP: 11/11
  9344 | D:8      | Reached **** piety under Trog
  9706 | D:9      | Found a staircase to the Orcish Mines.
  9864 | D:9      | Found Quuptu's Antique Weapon Shop.
 10436 | D:9      | Found an ancient bone altar of Kikubaaqudgha.
 10642 | Lair:1   | Entered Level 1 of the Lair of Beasts
 10724 | D:4      | Bought the ring of Linearity {+Fly Str+4} for 388 gold
                  | pieces
 11358 | Lair:1   | Noticed Grum
 11364 | Lair:1   | Killed Grum
 11625 | Lair:1   | Noticed a six-headed hydra
 11807 | Lair:2   | Slain by a water moccasin

Skill      XL: |  1  2  3  4  5  6  7  8  9 10 11 |
---------------+----------------------------------+-----
Axes           | 3 4 5 7 8 9 |  9.4
Fighting       | 4 5 6 7 8 9 |  9.7
Dodging        | 4 5 6 7 8 9 |  9.7
Shields        | 4 5 6 7 8 9 |  9.6

Action                   |  1- 3 |  4- 6 |  7- 9 | 10-12 || total
-------------------------+-------+-------+-------+-------++-------
Melee: War axe           |    77 |    49 |   212 |   250 ||   588
       Tentacles         |    14 |    11 |    55 |    79 ||   159
       Constrict         |    18 |    18 |    56 |    50 ||   142
Throw: Tomahawk          |       |    12 |    46 |    47 ||   105
Invok: Trog's Hand       |       |       |     3 |     6 ||     9
       Berserk           |       |       |       |     4 ||     4
  Use: Scroll            |     2 |     2 |     3 |     3 ||    10
       Potion            |       |       |       |     2 ||     2
 Stab: Sleeping          |     6 |     4 |     5 |    10 ||    25
       Distracted        |       |       |     1 |     1 ||     2
  Eat: Chunk             |     6 |     7 |    14 |    28 ||    55
       Ration            |       |       |     2 |       ||     2
Armor: Skin              |     2 |     7 |    17 |    14 ||    40
Dodge: Dodged            |    23 |    19 |    79 |   127 ||   248
Block: Medium shield     |    28 |    24 |   110 |   148 ||   310
